 Dungeon Crawl Stone Soup version 0.25-b1-46-gb8a1ec05df (webtiles) character file.

Game seed: 8862504112403744822

59 Chiseanne the Charlatan (level 3, 0/27 HPs)
             Began as a Demonspawn Wanderer on June 10, 2020.
             Slain by a gnoll
             ... wielding a +0 flail
              (9 damage)
             ... on level 3 of the Dungeon.
             The game lasted 00:06:58 (1584 turns).

Chiseanne the Charlatan (Demonspawn Wanderer)       Turns: 1584, Time: 00:06:59

Health: 0/27       AC:  7    Str: 13    XL:     3   Next: 78%
Magic:  6/6        EV:  7    Int: 12    God:
Gold:   99         SH: 11    Dex: 13    Spells: 6/6 levels left

rFire    . . .     SeeInvis .   a - +2 dagger
rCold    . . .     Gourm    .   k - +0 tower shield
rNeg     . . .     Faith    .   p - +0 scale mail
rPois    .         Spirit   .   (no helmet)
rElec    .         Reflect  .   (no cloak)
rCorr    .         Harm     .   (no gloves)
MR       .....                  o - +0 pair of boots
Stlth    ..........             (no amulet)
HPRegen  0.09/turn              (no ring)
MPRegen  0.10/turn              (no ring)

@: hasted, very quick
A: repulsion field 1
a: no special abilities


You were on level 3 of the Dungeon.
You were not hungry.

You visited 1 branch of the dungeon, and saw 4 of its levels.

You collected 99 gold pieces.

Inventory:

Hand Weapons
 a - a +2 dagger (weapon)
 s - a +0 spear
 w - a +0 hunting sling
Missiles
 h - 15 bolts
 q - 10 poisoned darts (quivered)
Armour
 k - a +0 tower shield (worn)
 o - a +0 pair of boots (worn)
 p - a +0 scale mail (worn)
Jewellery
 n - an uncursed amulet of regeneration {unknown}
Scrolls
 c - 2 scrolls of teleportation
 e - a scroll of enchant weapon {unknown}
 g - 4 scrolls of identify {unknown}
 i - a scroll of immolation {unknown}
 l - a scroll of remove curse {unknown}
 m - a scroll of amnesia {unknown}
Potions
 b - a potion of haste
 d - 2 potions of curing
 j - a potion of resistance {unknown}
 t - a potion of ambrosia {unknown}
Comestibles
 f - 5 rations
 r - 8 chunks of flesh


   Skills:
 * Level 2.0 Fighting
 * Level 1.3 Armour
 * Level 1.9 Dodging
 - Level 1.0 Stealth
 * Level 1.2 Shields
 - Level 1.7 Unarmed Combat
 - Level 2.0 Spellcasting
   Level 1.1 Necromancy
   Level 2.0 Evocations


You had 6 spell levels left.
You didn't know any spells.
Your spell library was empty.

Dungeon Overview and Level Annotations

Branches:
Dungeon (4/15)
 Temple: D:4-7

Altars:
Kikubaaqudgha
Yredelemnul

Annotations:
D:2 2 transporters, Menkaure


Innate Abilities, Weirdness & Mutations

You are surrounded by a mild repulsion field. (EV +2)


Message History

There is a stone staircase leading up here.
The gnoll hits you with a +0 flail.
The gnoll hits you from afar with a cursed -1 halberd!
Ouch! That really hurt!
You climb upwards.
There is a stone staircase leading down here.
You hit the gnoll but do no damage. You block the gnoll's attack.
You feel yourself speed up. You block the gnoll's attack.
You hit the gnoll.
The gnoll is lightly wounded.
The gnoll barely misses you.
You hit the gnoll but do no damage.
The gnoll is lightly wounded.
You hit the gnoll but do no damage.
The gnoll is lightly wounded.
You block the gnoll's attack.
You hit the gnoll.
The gnoll is moderately wounded.
The gnoll hits you with a +0 flail!
You die...

..# #######..#
#########
##........###........
#..........##........
#..........##........
#..........#######...
#.......#### #...
##...g..# #...
#..@#..# #...
#......##### ####
#..........# #
#..........### #
#............# #
#..........#.# #
###.#..#####รท# #
#.....# #.# #
........####)## #


You could see a gnoll.

Vanquished Creatures
  A worker ant (D:3)
  A gnoll (D:4)
  2 leopard geckos
  A giant cockroach (D:2)
  2 goblins
  2 hobgoblins
  3 jackals (D:3)
  A quokka (D:2)
  A bat (D:3)
  A frilled lizard (D:1)
  4 kobolds
  7 rats
26 creatures vanquished.

Notes
Turn   | Place    | Note
-------+----------+-------------------------------------------
     0 | D:1      | Chiseanne the Demonspawn Wanderer began the quest for the
                  | Orb.
     0 | D:1      | Chiseanne set off with the following items: a +2 dagger, a
                  | potion of haste, a +0 spear, a potion of curing, a +0 robe,
                  | a ration
     0 | D:1      | Reached XP level 1. HP: 15/15 MP: 3/3
   348 | D:2      | Found a basalt altar of Yredelemnul.
   348 | D:2      | Found an ancient bone altar of Kikubaaqudgha.
   348 | D:2      | Found a transporter.
   349 | D:2      | Noticed Menkaure
   369 | D:2      | Found a transporter.
   498 | D:2      | Gained mutation: You are surrounded by a mild repulsion
                  | field. (EV +2) [demonic ancestry]
   498 | D:2      | Reached XP level 2. HP: 18/21 MP: 5/5
  1214 | D:3      | Reached skill level 1 in Armour
  1214 | D:3      | Reached skill level 1 in Shields
  1214 | D:3      | Reached XP level 3. HP: 19/27 MP: 6/6
  1584 | D:3      | Slain by a gnoll

Illustrated notes

Levels and vault maps discovered:
D:1:      elethiomel_arrival_infinity_welcomes_careful_drivers,
          layout_loops_cross
D:2:      layout_loops_corners, gammafunk_temple_of_torment,
          grunt_temple_overflow_open, roderic_filled_cross,
          chequers_serial_rivers_large_b, minmay_crystal_water
D:3:      layout_basic, grunt_temple_overflow_opulence,
          lemuel_coloured_pillars_altar
D:4:      layout_loops_ring, lemuel_crystal_altar, first_ration,
          xom_teletrap_fun, uniq_pikel, uniq_ijyb

Skill      XL: |  1  2  3 |
---------------+----------+-----
Armour         | 1 |  1.3
Shields        | 1 |  1.2
Fighting       | 2 |  2.0
Dodging        | |  1.9
Stealth        | |  1.0
Unarmed Combat | |  1.7
Spellcasting   | |  2.0
Necromancy     | |  1.1
Evocations     | |  2.0

Action                   || total
-------------------------++-------
Melee: Dagger            ||   127
Throw: Dart              ||     6
  Use: Scroll            ||     1
       Potion            ||     1
  Eat: Chunk             ||     2
Armor: Ring mail         ||    16
       Robe              ||     1
       Scale mail        ||    15
Dodge: Dodged            ||    28
Block: Tower shield      ||    76
